AoeStats
← Jozz

Arabian Desert

510312323Analyzed
1v1 RM · 2d ago on Sep 30, 2026· 18m 45s· 2 players
Game mode
Random Map
Map size
Tiny (2 player)
Population
200
Speed
Normal
Resources
Standard
Victory
Conquest
Starting age
Dark Age
Ending age
Imperial Age
RankedLock teamsTeams togetherTeam positionsShared explorationLock speedFull tech treeHidden civsTurbo modeCheats
Victory
Defeat
🇧🇪 Vietnamese · Belgium
1307
+14
🇦🇷 Lithuanians · Argentina
1258
-14
Coloradota
8:37 Feudal Age
9:20 Loom
9:42 Double-Bit Axe
10:34 Wheelbarrow
18:16 Castle Age
17:28 Scale Barding Armor
17:34 Horse Collar
18:20 Bloodlines
Jozz
6:29 Loom
9:36 Feudal Age
10:15 Double-Bit Axe
16:40 Fletching
17:37 Horse Collar
Connection lost

Rejoining the realm…

Still unreachable

The connection could not be restored.

Session expired

The server has moved on; the page needs a fresh start.